 Dungeon Crawl Stone Soup version 0.30-b1-2-g02819fbbbe (webtiles) character file.

Game seed: 18013505070628567039

8 protoss039 the Digger (level 2, 20/20 HPs)
             Began as a Demonspawn Earth Elementalist on July 4, 2023.
             Got out of the dungeon alive.
             The game lasted 00:00:39 (764 turns).

protoss039 the Digger (DsEE)                         Turns: 764, Time: 00:00:40

Health: 20/20      AC:  2    Str:  8    XL:     2   Next: 0%
Magic:  5/5        EV: 12    Int: 16    God:
Gold:   56         SH:  0    Dex: 13    Spells: 4/5 levels left

rFire   . . .        i - +0 long sword
rCold   . . .        (no shield)
rNeg    . . .        a - +0 robe
rPois   .            (no helmet)
rElec   .            (no cloak)
rCorr   .            (no gloves)
SInv    .            (no boots)
Will    .....        (no amulet)
Stlth   ++           (no ring)
HPRegen 0.23/turn    (no ring)
MPRegen 0.09/turn

%: no passive effects
@: no status effects
A: demonic guardian 1
a: no special abilities


You escaped.
You visited 1 branch of the dungeon, and saw 2 of its levels.

You collected 56 gold pieces.

Inventory:

Hand Weapons
 i - a +0 long sword (weapon)
Armour
 a - a +0 robe (worn)
Scrolls
 d - a scroll of magic mapping {unknown}
 f - a scroll of teleportation {unknown}
 h - a scroll of torment {unknown}
 j - a scroll of enchant weapon {unknown}
Potions
 b - a potion of magic
 c - a potion of haste {unknown}
 e - a potion of lignification {unknown}
 g - a potion of cancellation {unknown}
 k - a potion of might {unknown}
 l - a potion of curing {unknown}


   Skills:
 + Level 0.8 Fighting
 - Level 1.7 Dodging
 - Level 1.7 Stealth
 + Level 2.2 Spellcasting
 - Level 0.8 Transmutations
 + Level 2.8 Earth Magic


You had 4 spell levels left.
You knew the following spells:

 Your Spells              Type           Power      Damage    Failure   Level
a - Sandblast             Erth           22%        2d7       6%          1

Your spell library contained the following spells:

 Spells                   Type           Power      Damage    Failure   Level
 Passwall                 Tmut/Erth      5%         N/A       14%         2
 Stone Arrow              Conj/Erth      12%        3d7       32%         3
 Petrify                  Tmut/Erth      7%         N/A       67%         4


Dungeon Overview and Level Annotations

Branches:
Dungeon (2/15) Zot: 11230

Altars:


Innate Abilities, Weirdness & Mutations

A weak demonic guardian rushes to your aid.


Message History

k - a fuming ruby potion A rat comes into view.
A rat is nearby!
A rat is nearby!
The helpless rat fails to defend itself.
You slash the rat!
You kill the rat!
l - a clear potion
Found 6 stones.
Found 8 stones.
No target in view!
A ball python comes into view.
Found a ring mail.
A ball python is nearby!
A ball python is nearby!
You hit the ball python.
The ball python is heavily wounded.
The ball python bites you. The ball python grabs you.
The ball python constricts you. The ball python bites you.
The ball python constricts you.
You closely miss the ball python.
The ball python is heavily wounded.
The ball python bites you but does no damage.
The ball python constricts you. The ball python bites you.
The ball python constricts you.
You slash the ball python!
You kill the ball python!
You have reached level 2!
Your demonic ancestry asserts itself...
You feel the presence of a demonic guardian.
Unknown command.
HP restored.
There is a stone staircase leading up here.
You climb upwards.
There is a stone staircase leading down here.
There is an open door here.
You see here a +0 robe.
There is a staircase leading out of the dungeon here.
Are you sure you want to leave the Dungeon?
This will make you lose the game!
You have escaped!

......[.....####.#####....'......
########.####.......###.#.#......
.....# #........⌠.......#.#......
.....# #####..⌠...⌠..##..........
.....# ##.......#####.#######
.....# ##..⌠..## #........ .....#
##...## ######### .....#
####...####
.....#######....@....#######
.#####.....................# ..#
#..⌠....⌠.....⌠(...⌠..# ..##
#.....⌠....#....⌠.....###### ...#
##..⌠....#####....⌠..##....#
...## ##....### ###[...###.##.#
....#####>### ###>####..#.#
###....##################........
######..........##........##....#


There were no monsters in sight!

Vanquished Creatures
  A ball python (D:2)
  An endoplasm (D:1)
  2 hobgoblins
  A quokka (D:1)
  A frilled lizard (D:1)
  A rat (D:2)
7 creatures vanquished.

Notes
Turn   | Place    | Note
-------+----------+-------------------------------------------
     0 | D:1      | protoss039 the Demonspawn Earth Elementalist began the
                  | quest for the Orb.
     0 | D:1      | Reached XP level 1. HP: 13/13 MP: 3/3
   687 | D:2      | Gained mutation: A weak demonic guardian rushes to your
                  | aid. [demonic ancestry]
   687 | D:2      | Reached XP level 2. HP: 14/20 MP: 5/5
   764 | D:$      | Got out of the dungeon alive.

Illustrated notes

Levels and vault maps discovered:
D:1:      dpeg_arrival_leaves_temple_mockup, layout_basic
D:2:      layout_basic, hangedman_decor_push, uniq_jessica

Action                     || total
---------------------------++-------
  Melee: Long sword        ||     4
         Unarmed           ||     2
   Cast: Sandblast         ||     9
   Stab: Sleeping          ||     1
 Armour: Robe              ||     2
  Dodge: Dodged            ||     5
